 Dungeon Crawl Stone Soup version 0.19.0-2-gae57169 (webtiles) character file.

1394 Querens the Covered (level 8, -2/51 HPs)
             Began as a Gargoyle Fighter on Nov 6, 2016.
             Killed by divine providence
             ... invoked by an orc priest
              (14 damage)
             ... on level 7 of the Dungeon.
             The game lasted 00:28:28 (3793 turns).

Querens the Covered (Gargoyle Fighter)              Turns: 3793, Time: 00:28:30

Health: -2/51      AC: 18    Str: 20    XL:     8   Next: 68%
Magic:  8/8        EV:  6    Int: 14    God:
Gold:   306        SH: 10    Dex: 11    Spells: 0 memorised, 7 levels left

rFire  . . .     SeeInvis .     a - +0 flail
rCold  . . .     Gourm    .     y - +0 chain mail of the Big Bang {Int+2} (curse)
rNeg   + . .     Faith    .     c - +0 shield
rPois  ∞         Spirit   .     (no helmet)
rElec  +         Reflect  .     x - +0 cloak
rCorr  +         Harm     .     (no gloves)
MR     .....                    t - +0 pair of boots
Stlth  ..........               (no amulet)
                                n - ring of resist corrosion
                                i - +3 ring of intelligence

@: no status effects
A: negative energy resistance 1, electricity resistance, unbreathing,
petrification resistance, rot immunity, AC +5
a: no special abilities


You were on level 7 of the Dungeon.
You were hungry.

You visited 1 branch of the dungeon, and saw 7 of its levels.

You collected 306 gold pieces.

Inventory:

Hand Weapons
 a - a +0 flail (weapon)
Armour
 b - a +0 scale mail
 c - a +0 shield (worn)
 s - the +3 plate armour of Nobility {rN+}
   (You found it on level 4 of the Dungeon)

   It protects you from negative energy.
 t - a +0 pair of boots (worn)
 x - a +0 cloak (worn)
 y - the cursed +0 chain mail of the Big Bang (worn) {Int+2}
   (You found it on level 4 of the Dungeon)

   It affects your intelligence (+2).
   It has a curse placed upon it.
 A - the +2 robe "Achutz" {rElec rC+ Regen+ Int+3, unknown}
   (You found it on level 6 of the Dungeon)

   It affects your intelligence (+3).
   It protects you from cold.
   It insulates you from electricity.
   It increases your rate of regeneration.
Jewellery
 i - a +3 ring of intelligence (left hand)
 n - a ring of resist corrosion (right hand)
Scrolls
 g - 2 scrolls of recharging
 h - a scroll of blinking
 k - a scroll of fear {unknown}
 l - a scroll of immolation {unknown}
 q - 3 scrolls of teleportation {unknown}
 u - 2 scrolls of remove curse {unknown}
Potions
 d - 3 potions of might
 o - 4 potions of curing
 p - a potion of agility
 r - a potion of lignification {unknown}
 w - 4 potions of flight {unknown}
 B - a potion of resistance {unknown}
 C - a potion of haste {unknown}
Books
 e - a book of Battle

   Spells                             Type                      Level
   a - Infusion                       Charms                       1
   b - Shroud of Golubria             Charms/Translocation         2
   c - Song of Slaying                Charms                       2
   d - Spectral Weapon                Hexes/Charms                 3
   e - Regeneration                   Charms/Necromancy            3
Comestibles
 f - 4 bread rations
 j - a royal jelly
 m - 4 meat rations
 v - 4 fruits
 z - a beef jerky


   Skills:
 + Level 5.8 Fighting
 + Level 5.3 Maces & Flails
 * Level 7.1 Armour
 + Level 6.8 Shields


You had 7 spell levels left.
You didn't know any spells.

Dungeon Overview and Level Annotations

Branches:
Dungeon (7/15)
 Temple: D:4-7

Altars:
Gozag
Makhleb
Nemelex Xobeh
Sif Muna

Annotations:
D:7 Pikel


Innate Abilities, Weirdness & Mutations

You are resistant to torment.
Your stone body is resilient. (AC +5)
You are immune to poison.
You resist negative energy. (rN+)
You are resistant to electric shocks. (rElec)
You can survive without breathing.
You are immune to petrification.
You are immune to rotting.


Message History

Deactivating autopickup; reactivate with Ctrl-A.
The orc priest mumbles some strange prayers to Beogh against you.
Beogh smites you!
The orc priest invokes the aid of Beogh against you.
Beogh smites you!
* * * LOW HITPOINT WARNING * * *
The orc hits you but does no damage.
You hit the orc.
The orc is lightly wounded.
You block the orc's attack. x2
You barely miss the orc.
The orc is lightly wounded.
You block the orc's attack. The orc hits you but does no damage.
You closely miss the orc.
The orc is lightly wounded.
The orc hits you but does no damage. The orc barely misses you.
The orc hits you but does no damage.
The orc priest invokes the aid of Beogh against you.
Beogh smites you!
You die...

§§§...# §≈...≈. ##########
§...... #..@op...# §..≈../
#..ooo.K.# .......
#..p.p...######
o≈...≈.#####........po.oKp
§......^##................
§.o≈).o....#........######
§......#####........#
.≈...≈. #........# .......
#.........#


You could see Pikel, 4 slaves, an orc priest, an orc wizard and 3 orcs.

Vanquished Creatures
  Grinder (D:4)
  Eustachio (D:6)
  2 orc warriors (D:6)
  A centaur (D:4)
  An ogre (D:6)
  The ghost of Morrissey the Charmwright, an amateur HESk (D:3)
  A bullfrog (D:6)
  Blork the orc (D:5)
  A scorpion (D:6)
  2 howler monkeys
  A crimson imp (D:5)
  An orc priest (D:6)
  4 orc wizards
  Ijyb (D:2)
  A worker ant (D:4)
  A killer bee zombie (D:6)
  9 adders
  A worm (D:2)
  3 dart slugs
  2 leopard geckos
  14 orcs
  4 giant cockroaches
  7 goblins
  3 hobgoblins
  8 kobolds
  3 quokkas
  3 ball pythons
  6 bats
  5 frilled lizards
  A quokka skeleton (D:6)
  5 rats
95 creatures vanquished.

Notes
Turn   | Place    | Note
-------+----------+-------------------------------------------
     0 | D:1      | Querens the Gargoyle Fighter began the quest for the Orb.
     0 | D:1      | Reached XP level 1. HP: 14/14 MP: 1/1
   273 | D:1      | Reached XP level 2. HP: 19/19 MP: 2/2
   729 | D:2      | Reached XP level 3. HP: 23/23 MP: 3/3
  1160 | D:2      | Reached XP level 4. HP: 24/28 MP: 4/4
  1279 | D:2      | Noticed Ijyb
  1299 | D:2      | Killed Ijyb
  1447 | D:3      | Noticed Morrissey's ghost (amateur HESk)
  1466 | D:3      | Killed Morrissey's ghost
  1466 | D:3      | Reached skill level 4 in Armour
  1466 | D:3      | Reached XP level 5. HP: 17/33 MP: 5/5
  1558 | D:3      | Reached skill level 5 in Shields
  1569 | D:3      | Reached XP level 6. HP: 17/38 MP: 6/6
  1591 | D:3      | Found a burning altar of Makhleb.
  1591 | D:3      | Noticed a balrug
  1807 | D:4      | Got a transparent plate armour
  1818 | D:4      | Identified the +3 plate armour of Nobility {rN+} (You found it on level 4 of the Dungeon)
  2085 | D:4      | Reached skill level 5 in Armour
  2085 | D:4      | Reached XP level 7. HP: 43/44 MP: 7/7
  2139 | D:4      | Got a crude chain mail
  2150 | D:4      | Identified the cursed +0 chain mail of the Big Bang {Int+2} (You found it on level 4 of the Dungeon)
  2244 | D:4      | Noticed Grinder
  2263 | D:4      | Paralysed by Grinder for 5 turns
  2287 | D:4      | Killed Grinder
  2465 | D:4      | Found a deep blue altar of Sif Muna.
  2534 | D:5      | Entered Level 5 of the Dungeon
  2571 | D:5      | Noticed Blork the orc
  2587 | D:5      | Killed Blork the orc
  2587 | D:5      | Reached skill level 5 in Fighting
  2807 | D:5      | Found an opulent altar of Gozag.
  2902 | D:5      | Found a sparkling altar of Nemelex Xobeh.
  3206 | D:6      | Got a brightly glowing robe
  3302 | D:6      | Reached skill level 6 in Armour
  3313 | D:6      | Reached XP level 8. HP: 48/49 MP: 8/8
  3340 | D:6      | HP: 2/49 [orc warrior/trident (8)]
  3435 | D:6      | Reached skill level 5 in Maces & Flails
  3446 | D:6      | Noticed Eustachio
  3491 | D:6      | Killed Eustachio
  3491 | D:6      | Reached skill level 7 in Armour
  3786 | D:7      | Noticed Pikel
  3793 | D:7      | Killed from afar by an orc priest

Skill      XL: |  1  2  3  4  5  6  7  8 |
---------------+-------------------------+-----
Shields        | 4 5 6 |  6.8
Maces & Flails | 3 4 5 |  5.3
Fighting       | 4 5 |  5.8
Armour         | 4 5 6 7 |  7.1

Action                   |  1- 3 |  4- 6 |  7- 9 || total
-------------------------+-------+-------+-------++-------
Melee: Flail             |   133 |   164 |   235 ||   532
  Use: Scroll            |       |     2 |     2 ||     4
       Potion            |       |       |     3 ||     3
  Eat: Chunk             |     1 |     3 |     4 ||     8
       Pizza             |       |       |     1 ||     1
Armor: Scale mail        |    70 |    40 |       ||   110
       Plate armour      |       |    46 |       ||    46
       Chain mail        |       |       |   117 ||   117
Dodge: Dodged            |    58 |    45 |    46 ||   149
Block: Shield            |    67 |   110 |   104 ||   281
